 Dungeon Crawl Stone Soup version 0.30.1 (webtiles) character file.

Game seed: 3467866935651793600

3 javelincjr the Caller (level 1, -2/11 HPs)
             Began as an Octopode Summoner on July 3, 2023.
             Slain by a kobold
             ... wielding a +0 short sword
              (4 damage)
             ... on level 1 of the Dungeon.
             The game lasted 00:00:18 (49 turns).

javelincjr the Caller (Octopode Summoner)             Turns: 49, Time: 00:00:20

Health: -2/11      AC:  1    Str:  7    XL:     1   Next: 50%
Magic:  2/3        EV: 13    Int: 17    God:
Gold:   0          SH:  0    Dex: 12    Spells: 3/4 levels left

rFire   . . .        (no weapon)
rCold   . . .        (no shield)
rNeg    . . .        (helmet restricted)
rPois   .            (no amulet)
rElec   .            (no ring)
rCorr   .            (no ring)
SInv    .            (no ring)
Will    .....        (no ring)
Stlth   +++          (no ring)
HPRegen 0.21/turn    (no ring)
MPRegen 0.08/turn    (no ring)
                     (no ring)

%: no passive effects
@: no status effects
A: almost no armour, amphibious, 8 rings, camouflage 1, gelatinous body 1,
(nimble swimmer 1), tentacles
a: no special abilities


You were on level 1 of the Dungeon.
You visited 1 branch of the dungeon, and saw 1 of its levels.

Inventory:

Potions
 a - a potion of magic


   Skills:
 + Level 2.0 Dodging
 + Level 2.8 Stealth
 + Level 2.0 Spellcasting
 + Level 4.0 Summonings


You had 3 spell levels left.
You knew the following spells:

 Your Spells              Type           Power      Damage    Failure   Level
a - Summon Small Mammal   Summ           60%        N/A       3%          1

Your spell library contained the following spells:

 Spells                   Type           Power      Damage    Failure   Level
 Call Imp                 Summ           30%        N/A       5%          2
 Call Canine Familiar     Summ           15%        N/A       11%         3
 Summon Guardian Golem    Hex/Summ       8%         N/A       26%         3
 Hailstorm                Conj/Ice       1%         3d3       50%         3
 Summon Lightning Spire   Summ/Air       8%         N/A       63%         4
 Ice Form                 Ice/Tmut       1%         N/A       88%         4
 Simulacrum               Ice/Necr       0%         N/A       100%        6


Dungeon Overview and Level Annotations

Branches:
Dungeon (1/15)

Altars:


Innate Abilities, Weirdness & Mutations

You cannot wear most types of armour.
You are amphibious.
You can wear up to eight rings at the same time.
Your skin changes colour to match your surroundings (Stealth+).
Your rubbery body absorbs attacks. (AC +1, EV +1)
((You are camouflaged when in or above water. (Stealth+)))
You have tentacles for arms and can constrict up to eight enemies at once.


Message History

The quokka bites you.
Your bat barely misses the quokka.
You barely miss the quokka. You grab the quokka. You constrict the quokka.
Your bat hits the quokka. The quokka misses you.
The kobold hits you with a +0 short sword.
You tentacle-slap the quokka but do no damage.
You squeeze the quokka, but do no damage.
The quokka is heavily wounded.
You constrict the quokka.
Your bat hits the quokka but does no damage.
The quokka bites you.
* * * LOW HITPOINT WARNING * * *
The kobold closely misses you.
You barely miss the quokka.
The quokka is severely wounded.
You constrict the quokka, but do no damage.
Your bat hits the quokka but does no damage. x2
The quokka barely misses your bat. x2; The kobold misses you.
Your bat completely misses the quokka.
You barely miss the quokka.
The quokka is severely wounded.
You constrict the quokka, but do no damage.
Your bat barely misses the quokka. x2; The quokka misses you.
The kobold barely misses you.
Your bat hits the quokka. You tentacle-slap the quokka.
You kill the quokka!
Your bat hits the kobold.
The kobold hits you with a +0 short sword.
* * * LOW HITPOINT WARNING * * *
You tentacle-slap the kobold but do no damage.
Your grab misses the kobold.
The kobold is moderately wounded.
Your bat hits the kobold but does no damage.
The kobold completely misses you.
Your bat barely misses the kobold.
You tentacle-slap the kobold but do no damage.
You grab the kobold.
The kobold is moderately wounded.
You constrict the kobold, but do no damage.
Your bat hits the kobold but does no damage.
The kobold hits you with a +0 short sword.
You die...

#..8..#.## ###
#.##..# +.....'...
... ...#..#
#..<..#.## ....
#..#..# #######.##
.....#..#..# ####
.....#[.#..# #
...........###
######
$....b.K.....###
#.....
#†@#......####.###.
#........[.....# #.
##.####.#.###### #.
#.# #.#†# #. #.#
#.... .. ..# #.....
.. ### ##.>.## ...
##... ####


You could see a kobold (ally target) and a friendly bat (summoned).

Vanquished Creatures
  A hobgoblin (D:1)
  A quokka (D:1)
  A bat (D:1)
3 creatures vanquished.

Notes
Turn   | Place    | Note
-------+----------+-------------------------------------------
     0 | D:1      | javelincjr the Octopode Summoner began the quest for the
                  | Orb.
     0 | D:1      | Reached XP level 1. HP: 11/11 MP: 3/3
    49 | D:1      | Slain by a kobold

Illustrated notes

Levels and vault maps discovered:
D:1:      minmay_arrival_solitary_statue, layout_loops_ring,
          lexackson_kobold_supper

Action                     || total
---------------------------++-------
  Melee: Unarmed           ||    13
         Constrict         ||     4
         Tentacles         ||     3
   Cast: Summon Small Mamm ||     2
 Armour: Skin              ||     1
  Dodge: Dodged            ||    11
